[Event "Early-Titled-Tuesday-Blitz-August-29-2023"]
[Site "Chess.com"]
[Date "2023.08.29"]
[Round "4"]
[White "ChainedDowntohell"]
[Black "PeshkaCh"]
[Result "0-1"]
[WhiteElo "2521"]
[BlackElo "2794"]
[TimeControl "180+1"]
[EndTime "8:38:46 PDT"]
[Termination "PeshkaCh won on time"]

1. Nc3 d5 2. e4 dxe4 3. Nxe4 Nf6 4. Qe2 Nc6 5. Nxf6+ gxf6 6. Nf3 e5 7. Qe3 Be6 8. Bb5 Qd5 9. c4 Qd7 10. O-O a6 11. Ba4 O-O-O 12. b3 h5 13. d3 Rg8 14. Kh1 Qxd3 15. Qxd3 Rxd3 16. Bxc6 bxc6 17. Be3 Bb4 18. Rfd1 Rgd8 19. Rxd3 Rxd3 20. Kg1 a5 21. Rb1 Bf5 22. Rc1 a4 23. bxa4 Ra3 24. Bd2 Bc5 25.
h3 Rxa4 0-1

[Event "Early-Titled-Tuesday-Blitz-August-29-2023"]
[Site "Chess.com"]
[Date "2023.08.29"]
[Round "4"]
[White "Zurability"]
[Black "realburq"]
[Result "1-0"]
[WhiteElo "2704"]
[BlackElo "2424"]
[TimeControl "180+1"]
[EndTime "8:38:46 PDT"]
[Termination "Zurability won by checkmate"]

1. e4 c5 2. Nf3 Nc6 3. d4 cxd4 4.
Nxd4 g6 5. Nb3 Bg7 6. Nc3 Bxc3+ 7. bxc3 Nf6 8. Bd3 O-O 9. c4 d6 10. O-O a5 11. a4 Be6 12. f4 Qb6+ 13. Kh1 Bg4 14.
Qe1 Nb4 15. f5 Nxd3 16. cxd3 Qxb3 17. Ra3 Qb4 18. Qe3 Rac8 19. h3 Bh5 20. g4 Bxg4 21.
hxg4 Nxg4 22. Qg5 Nf6 23. Qg3 Nxe4 24. dxe4 Rxc4 25. fxg6 hxg6 26. Raf3 Rxe4 27. Qxg6+ Kh8 28. Qh6+ Kg8 29. Rh3 Qd4 30. Qh7# 1-0

[Event "Early-Titled-Tuesday-Blitz-August-29-2023"]
[Site "Chess.com"]
[Date "2023.08.29"]
[Round "4"]
[White "JoshuaGK27"]
[Black "Itk04"]
[Result "0-1"]
[WhiteElo "2421"]
[BlackElo "2664"]
[TimeControl "180+1"]
[EndTime "8:38:46 PDT"]
[Termination "Itk04 won on time"]

1. e4 e6 2. d4 d5 3. e5 c5 4. c3 Nc6 5. Nf3 Qb6 6. a3 c4 7. Nbd2 Bd7 8. b4 cxb3 9. Nxb3 Na5 10. Nxa5 Qxa5 11. Bd2 Qc7 12. Bd3 Ne7 13. h4 h6 14. O-O Nc8 15. h5 Nb6 16. a4 Be7 17. Qb3 Nc4 18. Bc1 Na5 19. Qc2 Rc8 20. Bb2 O-O 21.
Nd2 f5 22. exf6 Rxf6 23. Rfc1 Rcf8 24. f3 Qg3 25. Nf1 Qg5 26. Re1 Qxh5 27. Ba3 Bxa3 28. Rxa3 Qg5 29. Kh1 Qh4+ 0-1

[Event "Early-Titled-Tuesday-Blitz-August-29-2023"]
[Site "Chess.com"]
[Date "2023.08.29"]
[Round "4"]
[White "mapleaff"]
[Black "Pax-Pramana"]
[Result "0-1"]
[WhiteElo "2279"]
[BlackElo "2485"]
[TimeControl "180+1"]
[EndTime "8:38:46 PDT"]
[Termination "Pax-Pramana won by resignation"]

1. e4 c5 2. Nf3 e6 3. d4 cxd4 4. Nxd4 Nf6 5. Nc3 Nc6 6. Ndb5 Bb4 7. a3 Bxc3+ 8. Nxc3 d5 9. exd5 exd5 10. Bd3 O-O 11. O-O Bg4 12. f3 Bh5 13. Bg5 Qb6+ 14. Kh1 Ne4 15.
Bxe4 dxe4 16. Nxe4 Qxb2 17. Rb1 Qxa3 18. Rxb7 h6 19.
Bxh6 Rfe8 20. Bc1 Qa6 21. Nc5 Qc4 22. Nd3 Nd4 23. Nf4 Rad8 24. Qd3 Qc6 25. Rxa7 Nb5 26.
Qxd8 Rxd8 27. Nxh5 Nxa7 0-1

[Event "Early-Titled-Tuesday-Blitz-August-29-2023"]
[Site "Chess.com"]
[Date "2023.08.29"]
[Round "4"]
[White "queen_iryna"]
[Black "LUISMIGUELOV"]
[Result "1-0"]
[WhiteElo "2344"]
[BlackElo "2118"]
[TimeControl "180+1"]
[EndTime "8:38:48 PDT"]
[Termination "queen_iryna won by resignation"]

1. e4 c6 2. d4 d5 3. Nc3 dxe4 4. Nxe4 Bf5 5. Ng3 Bg6 6. h4 h6 7. Nf3 Nd7 8. h5 Bh7 9. Bd3 Bxd3 10. Qxd3 e6 11. Bd2 Qb6 12. O-O-O Ngf6 13. Rhe1 O-O-O 14. Kb1 Bb4 15. c3 Bd6 16. Ne4 Nxe4 17. Qxe4 Rhe8 18. Qg4 Bf8 19. Ne5 Nxe5 20. Rxe5 Rd5 21. Bf4 Red8 22. Rde1 Qb5 23. Qf3 Bd6 24. Rxd5 Qxd5 25.
Bxd6 Qxf3 26. gxf3 Rxd6 27. Rg1 Rd5 28. Rxg7 Rf5 29.
Rh7 Rxh5 30. Rxf7 Rf5 31. Rh7 Rxf3 32. Rxh6 Kd7 33. Rh2 Kd6 34. Kc2 e5 35. dxe5+ Kxe5 36. Kd2 Rf7 37. Ke3 Kd5 38. Rh5+ Kc4 39. f4 c5 40. f5 b5 41. Rh4+ Kd5 42. Kf4 a5 43. Rh2 Kc4 44. Ke5 a4 45. a3 b4 46.
cxb4 cxb4 47. axb4 Kxb4 48. Ke6 Rf8 49. f6 Re8+ 50. Kd7 Re3 51. f7 Rf3 52. Ke8 Re3+ 53.
Kf8 Kb3 54. Rg2 Re1 55. Kg8 Rf1 56. f8=Q Rxf8+ 57. Kxf8 1-0

[Event "Early-Titled-Tuesday-Blitz-August-29-2023"]
[Site "Chess.com"]
[Date "2023.08.29"]
[Round "4"]
[White "kidagent"]
[Black "VOneChess"]
[Result "1-0"]
[WhiteElo "2280"]
[BlackElo "1888"]
[TimeControl "180+1"]
[EndTime "8:38:48 PDT"]
[Termination "kidagent won on time"]

1. e4 c5 2. Nf3 d6 3. d4 cxd4 4. Nxd4 Nf6 5. Nc3 a6 6. Bg5 Nbd7 7. f4 Qc7 8. Qf3 b5 9. O-O-O Bb7 10. Bd3 g6 11. Rhe1 Bg7 12. Qh3 O-O 13. Kb1 Rac8 14. a3 Nc5 15. e5 dxe5 16. fxe5 Nd5 17. Nxd5 Bxd5 18. Nf5 Nxd3 19. Nxe7+ Kh8 20. Qxd3 Bc4 21. Qd6 Qxd6 22. exd6 Rcd8 23. d7 Be6 24. Rxe6 fxe6 25. Nc6 Rxd7 26. Rxd7 h6 27. Bd2 Rf1+ 28. Ka2 Rf2 29.
Kb3 Rxg2 30. Nd8 Rxh2 31. Nxe6 Bf6 32. Rf7 Be5 33. Bb4 h5 34. Nf8 Kg8 35. Ra7 Rh3+ 36. c3 h4 37. Nxg6 1-0

[Event "Early-Titled-Tuesday-Blitz-August-29-2023"]
[Site "Chess.com"]
[Date "2023.08.29"]
[Round "4"]
[White "bascheyaro"]
[Black "vi_pranav"]
[Result "0-1"]
[WhiteElo "2804"]
[BlackElo "2999"]
[TimeControl "180+1"]
[EndTime "8:38:49 PDT"]
[Termination "vi_pranav won by resignation"]

1. d4 Nf6 2. Nf3 e6 3. Bf4 b6 4. e3 Bb7 5. Nbd2 Be7 6. Bd3 O-O 7. Qe2 d5 8. e4 dxe4 9. Nxe4 Nbd7 10. O-O c5 11.
Nxf6+ Nxf6 12. dxc5 Bxc5 13. Rad1 Qe7 14. c3 Rad8 15.
Ne5 Bd6 16. Bg3 Bb8 17. Rd2 g6 18. Rfd1 Nh5 19. Nf3 Nf4 20. Bxf4 Bxf4 21. Rc2 Qf6 22. c4 Rd6 23. Rf1 Rfd8 24. Be4 Ba6 25. g3 Bh6 26. b3 Bc8 27. a4 e5 28. Bd5 Bg4 29. Kg2 Qf5 30.
Re1 Rxd5 31. cxd5 Bxf3+ 32. Qxf3 Qxc2 33. Rxe5 Qc7 34. Re4 Bg7 35. Re3 h5 36. h4 Qd7 37.
Rd3 Bf8 38. Qe4 Bd6 39. Rf3 Re8 40. Qd3 Qe7 41. Re3 Qd8 42. Rxe8+ Qxe8 43. Kf3 Qe5 44. Qc4 Kg7 45. Kg2 a5 46. Qd3 Bc5 47. Qd2 Qe4+ 48.
Kf1 Qd4 49. Qxd4+ Bxd4 50. Ke2 Kf6 51. f4 Ke7 52. Kf3 f5 0-1

[Event "Early-Titled-Tuesday-Blitz-August-29-2023"]
[Site "Chess.com"]
[Date "2023.08.29"]
[Round "4"]
[White "Herman-NY"]
[Black "hitaman"]
[Result "0-1"]
[WhiteElo "2466"]
[BlackElo "2706"]
[TimeControl "180+1"]
[EndTime "8:38:49 PDT"]
[Termination "hitaman won on time"]

1. e4 c5 2. Nf3 e6 3. d4 cxd4 4. c3 dxc3 5. Nxc3 Nc6 6. Bc4 Bb4 7. O-O Nge7 8. Nd5 exd5 9. exd5 O-O 10. a3 Bd6 11. dxc6 dxc6 12. b4 Bg4 13. Bb2 Bc7 14. Qb3 Nd5 15. Ne5 Be6 16. Rad1 Re8 17. Rfe1 Qg5 18.
Rd3 b5 19. Rg3 bxc4 20. Qxc4 Qf6 21. Nd3 Nc3 22. Qxc6 Bxg3 23. Bxc3 Qg6 24. hxg3 Rac8 0-1

[Event "Early-Titled-Tuesday-Blitz-August-29-2023"]
[Site "Chess.com"]
[Date "2023.08.29"]
[Round "4"]
[White "chessajedrezz2020"]
[Black "rochaaaaaaaaaa"]
[Result "0-1"]
[WhiteElo "2667"]
[BlackElo "2218"]
[TimeControl "180+1"]
[EndTime "8:38:49 PDT"]
[Termination "rochaaaaaaaaaa won on time"]

1. Nf3 d5 2. d4 Nf6 3. c4 e6 4. Nc3 dxc4 5. e4 b5 6. e5 Nd5 7. Nxb5 Nb6 8. g3 Nc6 9. Bg2 Bb7 10. O-O Be7 11. Be3 O-O 12. Rc1 Rb8 13. Re1 a6 14.
Nc3 Nb4 15. Re2 h6 16. Rd2 Qd7 17. a3 N4d5 18. Qe2 Rfd8 19. Ne4 Qb5 20. Nc5 Bxc5 21. dxc5 Nxe3 22. Rxd8+ Rxd8 23. cxb6 Nxg2 24. bxc7 Rd3 25. Nd2 Qd5 26. Ne4 Rd4 27. f3 Qxe5 28. Kxg2 Qxc7 0-1

[Event "Early-Titled-Tuesday-Blitz-August-29-2023"]
[Site "Chess.com"]
[Date "2023.08.29"]
[Round "4"]
[White "Rud_Makarian"]
[Black "MatthewG-p4p"]
[Result "1-0"]
[WhiteElo "3024"]
[BlackElo "2856"]
[TimeControl "180+1"]
[EndTime "8:38:50 PDT"]
[Termination "Rud_Makarian won by checkmate"]

1. d4 d5 2. c4 e6 3. Nf3 c6 4. g3 dxc4 5. Bg2 b5 6. O-O Bb7 7. Ne5 Nf6 8. b3 cxb3 9. Qxb3 Be7 10. Nc3 O-O 11. Rd1 a6 12. Ne4 Nbd7 13. Nxf6+ Bxf6 14. Nxc6 Qb6 15. Be3 Bxc6 16. d5 Bxd5 17. Bxd5 Qa5 18.
Bxa8 Rxa8 19. Rac1 Ne5 20. Bd4 Nc4 21. Bxf6 gxf6 22. Qf3 Rf8 23. Qxf6 Qxa2 24. Rd4 Qxe2 25. Qg5+ Kh8 26. Rcd1 Qe5 27. Qh6 Rg8 28. Rd8 Qg7 29.
Rxg8+ Qxg8 30. Qf6+ Qg7 31. Rd8# 1-0

[Event "Early-Titled-Tuesday-Blitz-August-29-2023"]
[Site "Chess.com"]
[Date "2023.08.29"]
[Round "4"]
[White "alturas_pacificas"]
[Black "MikeSailer"]
[Result "1-0"]
[WhiteElo "2391"]
[BlackElo "2180"]
[TimeControl "180+1"]
[EndTime "8:38:51 PDT"]
[Termination "alturas_pacificas won on time"]

1. d4 d5 2. Bf4 Nf6 3. e3 Bf5 4. c4 Nc6 5. Nc3 e6 6. Nf3 Bb4 7. a3 Bxc3+ 8. bxc3 O-O 9. Bd3 Bxd3 10. Qxd3 Na5 11.
Ne5 c6 12. O-O Nh5 13. cxd5 Nxf4 14. exf4 exd5 15. g3 Qc7 16. Rab1 b5 17. h4 Nc4 18. a4 a6 19. Kg2 f6 20. Nxc4 dxc4 21. Qf5 Rfe8 22. Rfe1 Qd6 23. h5 h6 24. Qg6 Qd5+ 25.
Kh2 Re6 26. f5 Re4 27. f3 Rxe1 28. Rxe1 bxa4 29. Re7 1-0

[Event "Early-Titled-Tuesday-Blitz-August-29-2023"]
[Site "Chess.com"]
[Date "2023.08.29"]
[Round "4"]
[White "Herzog2012"]
[Black "aranibos"]
[Result "1-0"]
[WhiteElo "2417"]
[BlackElo "2270"]
[TimeControl "180+1"]
[EndTime "8:38:53 PDT"]
[Termination "Herzog2012 won by resignation"]

1. e4 c6 2. d4 d5 3. Nc3 dxe4 4. Nxe4 Bf5 5. Ng3 Bg6 6. Bc4 e6 7. N1e2 Bd6 8. O-O Qc7 9. f4 Ne7 10. Bd3 Bxd3 11. Qxd3 g6 12. c4 Qd8 13. b3 O-O 14.
Bb2 Na6 15. Ne4 f5 16. Ng5 Qd7 17. Qe3 Rae8 18. Qxe6+ Qxe6 19. Nxe6 Rf7 20. Ng5 Rff8 21. a3 Nc8 22. Kf2 h6 23. Nf3 Rxe2+ 24. Kxe2 Bxf4 25. Kf2 Nd6 26. g3 Ne4+ 27. Kg2 Bc7 28. Rad1 b5 29. d5 bxc4 30. dxc6 c3 31. Bc1 Nb8 32. Bxh6 Re8 33.
Nd4 Bb6 34. Bf4 Bxd4 35. Bxb8 Rxb8 36. Rxd4 Rc8 37. Rc4 Kf7 38. Rxe4 Rxc6 39. Rc4 1-0

[Event "Early-Titled-Tuesday-Blitz-August-29-2023"]
[Site "Chess.com"]
[Date "2023.08.29"]
[Round "4"]
[White "Boundless_Strike"]
[Black "Sl4werThanYou"]
[Result "0-1"]
[WhiteElo "2496"]
[BlackElo "2741"]
[TimeControl "180+1"]
[EndTime "8:38:54 PDT"]
[Termination "Sl4werThanYou won by resignation"]

1. d3 b6 2. e4 Bb7 3. f4 c5 4. Nf3 g6 5. Be2 Bg7 6. O-O e6 7. Qe1 Ne7 8. Qh4 O-O 9. f5 gxf5 10. Bh6 Ng6 11. Qh5 Qf6 12. Nc3 Bxh6 13. Qxh6 Qg7 14.
Qxg7+ Kxg7 15. exf5 exf5 16. d4 Nc6 17. dxc5 bxc5 18.
Bd3 Nge7 19. Nh4 Nd4 20. Nxf5+ Nexf5 21. Bxf5 Bc6 22. Bd3 Rae8 23. Rf2 f5 24. Raf1 Re5 25. Ne2 Nxe2+ 26. Rxe2 Kf6 27. Rxe5 Kxe5 28. Re1+ Kd6 29.
Kf2 Rf6 30. g3 Rh6 31. h4 f4 32. Re8 fxg3+ 33. Kxg3 Rf6 34. Bxh7 Rf3+ 35. Kg4 Rf1 36. h5 Rg1+ 37. Kh4 Bd5 38. b3 Bf7 39. Rf8 Rh1+ 40. Kg5 Bxh5 41. Bf5 Bf3 42. Kf6 Bc6 43. Rb8 Rh6+ 44.
Kg5 Rh2 45. Re8 Rg2+ 46. Kf4 Rf2+ 47. Kg5 c4 48. Re3 Kc5 49. Re5+ Kd4 50. Ra5 c3 51.
Rxa7 Ke3 52. Bxd7 Bxd7 53. Rxd7 Rxc2 54. Rc7 Kd2 55. b4 Rxa2 56. b5 Rb2 57. Rc5 c2 58.
Rd5+ Ke3 59. Rc5 Kd3 60. Rd5+ Kc4 61. Rd8 Rxb5+ 62. Kf4 c1=Q+ 0-1

[Event "Early-Titled-Tuesday-Blitz-August-29-2023"]
[Site "Chess.com"]
[Date "2023.08.29"]
[Round "4"]
[White "HajiyevKanan"]
[Black "CSB7"]
[Result "0-1"]
[WhiteElo "2507"]
[BlackElo "2699"]
[TimeControl "180+1"]
[EndTime "8:38:54 PDT"]
[Termination "CSB7 won by checkmate"]

1. d4 Nf6 2. Nf3 b6 3. g3 Bb7 4. Bg2 c5 5. Nh4 Bxg2 6. Nxg2 cxd4 7. Qxd4 Nc6 8. Qa4 g6 9. O-O Bg7 10. Rd1 O-O 11. Na3 Qc8 12. c3 d5 13. Qh4 Rd8 14. Bh6 e5 15. Bg5 Qe6 16. Nb5 Rd7 17. Ne3 a6 18.
Na3 Ne4 19. Nxd5 Nxg5 20. Nxb6 Rxd1+ 21. Rxd1 Rb8 22. Qxg5 Rxb6 23. Rd8+ Nxd8 24. Qxd8+ Bf8 25. Nc4 Rc6 26. b3 Kg7 27. Qd3 Bc5 28. Kg2 Rc7 29. Qc2 Rd7 30. e3 Qd5+ 31. Kh3 h5 32. Qb2 Qf3 33.
b4 Be7 34. Qb3 g5 35. Nxe5 g4+ 36. Nxg4 hxg4# 0-1

[Event "Early-Titled-Tuesday-Blitz-August-29-2023"]
[Site "Chess.com"]
[Date "2023.08.29"]
[Round "4"]
[White "Fandorine"]
[Black "AlexanderL"]
[Result "0-1"]
[WhiteElo "2945"]
[BlackElo "2841"]
[TimeControl "180+1"]
[EndTime "8:38:55 PDT"]
[Termination "AlexanderL won on time"]

1. e4 d5 2. exd5 Nf6 3. d4 Bg4 4. Be2 Bxe2 5. Qxe2 Qxd5 6. Nf3 e6 7. O-O Bd6 8. c4 Qh5 9. Nc3 Nc6 10. h3 O-O 11.
Be3 Rfd8 12. Rfd1 Bb4 13. Nb5 Ba5 14. Rac1 Rd7 15. a3 a6 16. Nc3 Bxc3 17. Rxc3 Rad8 18. Rcc1 h6 19. b4 Ne7 20. Bf4 Ng6 21. Bg3 Qf5 22. Re1 c6 23. a4 Nh5 24. a5 Nhf4 25. Qe3 Nd3 26. Rcd1 Nxe1 27. Rxe1 Qc2 28. c5 Ne7 29. Be5 Nf5 30. Qf4 Qb3 31. g4 Ne7 32. g5 h5 33. Bxg7 Kxg7 34. Qf6+ Kg8 35. Ne5 Nd5 36. Qh6 Nf4 37. g6 Nxg6 38. Nxg6 fxg6 39. Re5 Rg7 40. Rg5 Rf8 41. Rxg6 Qb1+ 0-1

[Event "Early-Titled-Tuesday-Blitz-August-29-2023"]
[Site "Chess.com"]
[Date "2023.08.29"]
[Round "4"]
[White "lefonghua"]
[Black "Jojo_898"]
[Result "1-0"]
[WhiteElo "2673"]
[BlackElo "2436"]
[TimeControl "180+1"]
[EndTime "8:38:55 PDT"]
[Termination "lefonghua won by resignation"]

1. d4 Nf6 2. c4 e6 3. Nc3 b6 4. e4 d6 5. f4 c5 6. d5 exd5 7. cxd5 Qe7 8. Bb5+ Bd7 9. Bxd7+ Nbxd7 10. Qe2 a6 11. a4 g6 12. Nf3 Bg7 13. O-O O-O 14.
Nd2 Rfe8 15. Re1 Rab8 16. Qxa6 Ng4 17. Nf3 f5 18. h3 Ngf6 19. e5 dxe5 20. fxe5 Ne4 21.
Nxe4 fxe4 22. d6 Qe6 23. Ng5 Qd5 24. e6 Bd4+ 25. Kh1 Rxe6 26. Nxe6 Qxe6 27. Bf4 Nf6 28. d7 Rd8 29. a5 Qxd7 30. Qxb6 Nd5 31. Qb3 Kg7 32.
Bg5 Rf8 33. Rxe4 Qf5 34. Rxd4 cxd4 35. Bd2 Nf4 36. Bxf4 Qxf4 37. a6 Ra8 38. Qb7+ 1-0

[Event "Early-Titled-Tuesday-Blitz-August-29-2023"]
[Site "Chess.com"]
[Date "2023.08.29"]
[Round "4"]
[White "tteshan"]
[Black "Cayse"]
[Result "0-1"]
[WhiteElo "2584"]
[BlackElo "2899"]
[TimeControl "180+1"]
[EndTime "8:38:56 PDT"]
[Termination "Cayse won by resignation"]

1. e4 e5 2. Nf3 Nc6 3. Bb5 a6 4. Ba4 Nf6 5. O-O Be7 6. Re1 b5 7. Bb3 O-O 8. a4 b4 9. d3 d6 10.
Nbd2 Na5 11. Ba2 c5 12. Nc4 Nc6 13. c3 Rb8 14. Bg5 Be6 15. Rc1 h6 16. Bxf6 Bxf6 17. Bb1 Re8 18. Ne3 bxc3 19. bxc3 Rb2 20. Re2 Qb8 21.
Rxb2 Qxb2 22. Qc2 Rb8 23. Nd1 Qa3 24. h3 Bb3 25. Qd2 Bxa4 26. Bc2 Bxc2 27. Rxc2 Rb1 28. Kh2 Qb3 29. Ne3 Kh7 30. Nd5 Bd8 31. Ra2 a5 32. d4 cxd4 33. cxd4 Nxd4 34. Nxd4 exd4 35. Rc2 Bg5 36. f4 Bh4 37. Nc3 dxc3 38. Qd3 Qb5 39. Qxc3 Qf1 0-1

[Event "Early-Titled-Tuesday-Blitz-August-29-2023"]
[Site "Chess.com"]
[Date "2023.08.29"]
[Round "4"]
[White "Goi_Manne"]
[Black "ErikRonka"]
[Result "0-1"]
[WhiteElo "2326"]
[BlackElo "2501"]
[TimeControl "180+1"]
[EndTime "8:38:59 PDT"]
[Termination "ErikRonka won by resignation"]

1. e4 c5 2. Nf3 e6 3. d4 cxd4 4. Nxd4 Nf6 5. Nc3 d6 6. Be3 a6 7. Be2 Be7 8. O-O O-O 9. Rb1 Qc7 10. f3 Nbd7 11. Bf2 b5 12. a3 Bb7 13. h4 Rfe8 14.
Qd2 Rad8 15. Rbc1 Ne5 16. Rfd1 Nc4 17. Bxc4 Qxc4 18. b3 Qc7 19. Nce2 d5 20. exd5 Nxd5 21. c4 bxc4 22. Rxc4 Qd7 23. a4 Nf6 24. Be3 e5 25.
Nc2 Qe6 26. Qc1 Bd5 27. Rc7 Bxb3 28. Rxd8 Rxd8 29. Kh2 Bxa4 30. Na3 Bd6 31. Ra7 e4+ 32.
f4 Ng4+ 33. Kg1 Qb3 34. Nc4 Bf8 35. Rxa6 Rd1+ 0-1

[Event "Early-Titled-Tuesday-Blitz-August-29-2023"]
[Site "Chess.com"]
[Date "2023.08.29"]
[Round "4"]
[White "Mikhail_Golubev"]
[Black "elchacal664"]
[Result "0-1"]
[WhiteElo "2576"]
[BlackElo "2425"]
[TimeControl "180+1"]
[EndTime "8:39:00 PDT"]
[Termination "elchacal664 won on time"]

1. e4 c5 2. Nf3 e6 3. d4 cxd4 4. Nxd4 a6 5. Bd3 Qc7 6. O-O Nf6 7. Qe2 d6 8. c4 b6 9. Nc3 Bb7 10. f4 Nbd7 11. f5 e5 12. Nc2 Be7 13. Kh1 Nc5 14. Nb4 a5 15. Nbd5 Nxd5 16. Nxd5 Bxd5 17. cxd5 Nxd3 18. Qxd3 O-O 19. Be3 Rfc8 20. Rfc1 Qb7 21. Qb5 h6 22. Rc6 Bg5 23. Bxb6 Rab8 24. Rxc8+ Qxc8 25.
Qxa5 Qc2 26. b3 Qxe4 27. Bc7 Rc8 28. Bxd6 Rc2 29. Rg1 Be3 30. Qe1 Qd4 31. Rf1 Qxd5 32. Qg3 Bf4 33. Qf3 Qxd6 34. f6 Rxa2 0-1

[Event "Early-Titled-Tuesday-Blitz-August-29-2023"]
[Site "Chess.com"]
[Date "2023.08.29"]
[Round "4"]
[White "BlitzWizard04"]
[Black "MITerryble"]
[Result "0-1"]
[WhiteElo "2603"]
[BlackElo "2941"]
[TimeControl "180+1"]
[EndTime "8:39:01 PDT"]
[Termination "MITerryble won by resignation"]

1. e4 e6 2. d4 d5 3. Nc3 Nf6 4. Bg5 Bb4 5. e5 h6 6. Be3 Ne4 7. Qg4 Kf8 8. a3 Bxc3+ 9. bxc3 Nxc3 10. Bd3 c5 11. dxc5 Nc6 12. Nf3 f5 13. exf6 Qxf6 14.
Qf4 e5 15. Qxf6+ gxf6 16. Nh4 Kf7 17. Bg6+ Kg7 18. Bd2 Na4 19. Bf5 Nxc5 20. Rb1 Bxf5 21. Nxf5+ Kg6 22. g4 h5 23. Nh4+ Kf7 24. h3 hxg4 25.
hxg4 Nd4 26. Be3 Nxc2+ 27. Kd2 Nxe3 28. Kxe3 d4+ 29. Kf3 b6 30. Nf5 Ke6 31. Rhe1 Kd5 32. Rbd1 Rh3+ 33. Ng3 Rg8 34. Rh1 e4+ 35. Kf4 Rg5 36.
Rxd4+ Kxd4 37. Ne2+ Kd3 38. Nc1+ Kc2 39. Rxh3 Kxc1 40.
Rh6 Nd7 41. Rh7 Ne5 42. Rxa7 Nxg4 43. Kxe4 Nxf2+ 44. Ke3 Nd1+ 45. Kf4 Nc3 46. Rb7 Kc2 47. Kf3 b5 48. Rb6 Rf5+ 49. Kg4 Rf1 0-1

[Event "Early-Titled-Tuesday-Blitz-August-29-2023"]
[Site "Chess.com"]
[Date "2023.08.29"]
[Round "4"]
[White "KorolDimitriy75"]
[Black "Djager97"]
[Result "0-1"]
[WhiteElo "2350"]
[BlackElo "2606"]
[TimeControl "180+1"]
[EndTime "8:39:01 PDT"]
[Termination "Djager97 won by resignation"]

1. d4 d5 2. c4 e6 3. Nc3 c6 4. e3 Nf6 5. Nf3 Nbd7 6. Bd3 Be7 7.
O-O b6 8. e4 dxe4 9. Nxe4 Bb7 10. Re1 O-O 11. Bf4 Nxe4 12. Bxe4 Nf6 13. Bc2 c5 14.
dxc5 Qxd1 15. Raxd1 Bxc5 16. Ne5 Rfd8 17. Kf1 Bd4 18. b3 Kf8 19. h3 Bc3 20. Rxd8+ Rxd8 21. Rd1 Rxd1+ 22. Bxd1 Ke7 23. g4 g5 24. Bg3 Ne4 25. Bh2 f6 26. Nd3 e5 27. f3 Nd2+ 28.
Kf2 Bd4+ 29. Kg3 e4 30. fxe4 Nxe4+ 31. Kf3 Nc3+ 32. Kg3 Nxd1 0-1

[Event "Early-Titled-Tuesday-Blitz-August-29-2023"]
[Site "Chess.com"]
[Date "2023.08.29"]
[Round "4"]
[White "cottage_cheese"]
[Black "ElenaPershina"]
[Result "1-0"]
[WhiteElo "2303"]
[BlackElo "2398"]
[TimeControl "180+1"]
[EndTime "8:39:01 PDT"]
[Termination "cottage_cheese won by checkmate"]

1. e4 c5 2. Nf3 Nc6 3. Bb5 g6 4. Bxc6 dxc6 5. d3 Bg7 6. h3 Qc7 7. Nc3 e5 8. Be3 b6 9. a4 a5 10. Qd2 h6 11. Nh2 Ne7 12. f4 Be6 13. O-O O-O-O 14.
Nf3 f5 15. Nxe5 Bxe5 16. fxe5 Qxe5 17. Bxh6 fxe4 18. Rae1 Bxh3 19. Rxe4 Qh5 20. Rxe7 Rxh6 21. gxh3 Qxh3 22. Qg2 Qxg2+ 23. Kxg2 Rdh8 24. Ne4 Rh2+ 25. Kg3 R8h3+ 26. Kg4 Rh4+ 27. Kg5 Rh5+ 28. Kf6 Rxc2 29. Ke6 Rxb2 30. Rf8# 1-0

[Event "Early-Titled-Tuesday-Blitz-August-29-2023"]
[Site "Chess.com"]
[Date "2023.08.29"]
[Round "4"]
[White "Macron20hTF1"]
[Black "Daniel_Salinas"]
[Result "1-0"]
[WhiteElo "2625"]
[BlackElo "2309"]
[TimeControl "180+1"]
[EndTime "8:39:02 PDT"]
[Termination "Macron20hTF1 won by resignation"]

1. Nf3 Nf6 2. c4 e6 3. Nc3 c5 4.
e3 d5 5. cxd5 exd5 6. d4 Nc6 7.
Be2 Bg4 8. O-O Be7 9. dxc5 Bxc5 10. b3 O-O 11. Bb2 Rc8 12. Rc1 Qe7 13. Nxd5 Nxd5 14.
Qxd5 Nb4 15. Qd2 Nxa2 16. Ra1 Bb4 17. Qd4 Nc3 18. Bxc3 Bxc3 19. Qxg4 Bxa1 20. Rxa1 Rc2 21. Bc4 Qf6 22. Rd1 a6 23. h4 b5 24. Bd3 Rc3 25.
Nd4 Rfc8 26. Bf5 Rd8 27. Ra1 g6 28. Be4 Rdc8 29. g3 h5 30. Qd7 Rc1+ 31. Rxc1 Rxc1+ 32. Kg2 Rd1 33. Bd5 Rd2 34. Nf3 Rb2 35. e4 Kg7 36. e5 Qf5 37. e6 Rd2 38. Nxd2 1-0

[Event "Early-Titled-Tuesday-Blitz-August-29-2023"]
[Site "Chess.com"]
[Date "2023.08.29"]
[Round "4"]
[White "Blackwhite017"]
[Black "Laico"]
[Result "0-1"]
[WhiteElo "1995"]
[BlackElo "2439"]
[TimeControl "180+1"]
[EndTime "8:39:02 PDT"]
[Termination "Laico won on time"]

1. e4 e6 2. d3 d5 3. Nd2 Nf6 4. Ngf3 dxe4 5. dxe4 Bc5 6. Bc4 e5 7. h3 Nc6 8. O-O O-O 9. c3 a5 10. a4 Qe7 11. Qb3 h6 12. Re1 Kh8 13. Nf1 Nh5 14. Be3 Nf4 15. Bxf4 exf4 16. Rad1 Rb8 17. Nd4 Ne5 18. Be2 Qh4 19. Qd5 Bd6 20. Nh2 Qg5 21. Nhf3 Nxf3+ 22. Bxf3 Qg6 23. Kh1 c6 24. Qxa5 Re8 25.
e5 Bf8 26. Qb6 Qg5 27. Nxc6 Ra8 28. Nb4 Qh4 0-1

[Event "Early-Titled-Tuesday-Blitz-August-29-2023"]
[Site "Chess.com"]
[Date "2023.08.29"]
[Round "4"]
[White "Sunny_Star"]
[Black "GAusal"]
[Result "0-1"]
[WhiteElo "2071"]
[BlackElo "2319"]
[TimeControl "180+1"]
[EndTime "8:39:02 PDT"]
[Termination "GAusal won on time"]

1. f4 e5 2. fxe5 Nc6 3. Nf3 d6 4. exd6 Bxd6 5. e3 g5 6. g3 h5 7. Bg2 h4 8. gxh4 g4 9. Ng5 Rxh4 10. Ne4 Rxh2 11. Rxh2 Bxh2 12. Qe2 Qh4+ 13. Kd1 Bf5 14.
d4 g3 15. Nbd2 O-O-O 16. b3 Bg4 17. Nf3 Qh5 18. Bb2 Ne5 19. Ned2 Nxf3 20. Nxf3 Nf6 21. c3 Ne4 22. Kc2 Ng5 23. Rf1 Re8 24. Kc1 Nxf3 25. Bxf3 Bxf3 26. Rxf3 Bg1 27. e4 Rg8 28. Qg2 Bh2 29.
Kb1 Qxf3 30. Qxf3 g2 31. Qf5+ Kb8 0-1

[Event "Early-Titled-Tuesday-Blitz-August-29-2023"]
[Site "Chess.com"]
[Date "2023.08.29"]
[Round "4"]
[White "jaskol95"]
[Black "Eternauta2400"]
[Result "1-0"]
[WhiteElo "2568"]
[BlackElo "2788"]
[TimeControl "180+1"]
[EndTime "8:39:03 PDT"]
[Termination "jaskol95 won on time"]

1. e4 c6 2. d4 d5 3. e5 Bf5 4.
Nd2 e6 5. Nb3 Nd7 6. Nf3 Qc7 7.
Be3 a6 8. Be2 c5 9. dxc5 Bxc5 10. Nxc5 Nxc5 11. O-O Ne7 12. c4 O-O 13. Rc1 Ne4 14.
cxd5 Qa5 15. d6 Nd5 16. Qd4 f6 17. Bc4 fxe5 18. Qxe5 Rad8 19. b4 Qxb4 20. Bxd5 exd5 21. Qxd5+ Kh8 22. Ne5 Nxd6 23. Bc5 Qa5 24. Rfd1 Be4 25. Qd4 Rde8 26. Qxd6 Rf4 27. Ng6+ hxg6 28. Qxf4 Qxa2 29.
Re1 Qd5 30. f3 g5 31. Qg4 1-0

[Event "Early-Titled-Tuesday-Blitz-August-29-2023"]
[Site "Chess.com"]
[Date "2023.08.29"]
[Round "4"]
[White "ural58"]
[Black "Good_Knight_Kiss"]
[Result "0-1"]
[WhiteElo "2504"]
[BlackElo "2371"]
[TimeControl "180+1"]
[EndTime "8:39:03 PDT"]
[Termination "Good_Knight_Kiss won by resignation"]

1. e4 c5 2. b3 Nc6 3. Bb2 d6 4. f4 e6 5. Nc3 Nf6 6. Qe2 Nd4 7.
Qd3 Be7 8. O-O-O O-O 9. Nf3 Nxf3 10. gxf3 Bd7 11. Rg1 Bc6 12. f5 exf5 13. Bh3 fxe4 14. fxe4 b5 15. Rdf1 b4 16. Nd5 Bxd5 17. exd5 g6 18.
c3 a5 19. Kb1 Nd7 20. Bxd7 Qxd7 21. h4 Rfe8 22. h5 Bf8 23. hxg6 hxg6 24. cxb4 axb4 25. Qf3 Qa7 26. Qf6 Re5 27. a4 bxa3 28. Bxe5 a2+ 29. Ka1 dxe5 30. Qxe5 Bg7 31. Rf6 Qa6 32. Rgxg6 fxg6 33. Rxg6 Qxg6 0-1